 Dungeon Crawl Stone Soup version 0.17-a0-2127-g1cb09f6 (console) character file.

250 Kellhus the Slasher (level 5, -15/41 HPs)
             Began as a Mummy Chaos Knight on Oct 22, 2015.
             Killed from afar by a steam dragon (22 damage)
             ... with a ball of steam
             ... on level 3 of the Dungeon.
             The game lasted 00:04:12 (2937 turns).

Kellhus the Slasher (Mummy Chaos Knight)            Turns: 2937, Time: 00:04:12

Health: -15/41     AC: 10    Str: 16    XL:     5   Next: 88%
Magic:  5/5        EV: 11    Int: 12    God:    Xom [...*..]
Gold:   169        SH:  0    Dex: 11    Spells: 0 memorised, 4 levels left

rFire  x . .     SeeInvis +     a - +0 falchion (chaos)
rCold  + . .     Clarity  .     b - +2 leather armour
rNeg   + + +     SustAt   .     (no shield)
rPois  ∞         Gourm    .     i - +1 helmet
rElec  .         Spirit   .     (no cloak)
rCorr  .         Warding  .     e - +0 pair of gloves
rMut   .         Stasis   .     c - +1 pair of boots
MR     .....                    (no amulet)
Stlth  +.........               (no ring)
                                j - ring of see invisible

@: not resistant to hostile enchantments, very unstealthy
A: no food or potions, fire vulnerability, cold resistance 1, negative energy
resistance 3, torment resistance, unbreathing
a: Renounce Religion


You were on level 3 of the Dungeon.
You worshipped Xom.
You were a favourite toy of Xom.
You were not hungry.

You visited 1 branch of the dungeon, and saw 4 of its levels.

You collected 169 gold pieces.

Inventory:

Hand Weapons
 a - a +0 falchion of chaos (weapon)
Armour
 b - a +2 leather armour (worn)
 c - a +1 pair of boots (worn)
 e - a +0 pair of gloves (worn)
 i - a +1 helmet (worn)
Jewellery
 j - a ring of see invisible (left hand)
Scrolls
 d - a scroll of enchant armour {unknown}
 f - a scroll of amnesia {unknown}
 g - a scroll of teleportation {unknown}
 h - 2 scrolls of identify {unknown}
 k - a scroll of recharging {unknown}
 m - a scroll of fear {unknown}
Books
 l - a book of Unlife

   Spells                             Type                      Level
   a - Recall                         Summoning/Translocation      3
   b - Animate Dead                   Necromancy                   4
   c - Control Undead                 Necromancy                   4
   d - Cigotuvi's Embrace             Necromancy                   5
   e - Death Channel                  Necromancy                   6
   f - Simulacrum                     Ice/Necromancy               6


   Skills:
 - Level 3.0 Fighting
 + Level 5.5 Long Blades
 - Level 1.5 Armour
 - Level 0.7 Dodging


You had 4 spell levels left.
You didn't know any spells.

Dungeon Overview and Level Annotations

Branches:
Dungeon (4/15)
 Temple: D:4-7

Altars:
Ashenzari
Dithmenos
Elyvilon
Gozag
Okawaru
The Shining One


Innate Abilities, Weirdness & Mutations

You do not eat or drink.
Your flesh is vulnerable to fire.
You are immune to poison.
Your flesh is cold resistant.
You are immune to negative energy.
You are immune to unholy pain and torment.
You can survive without breathing.


Message History

The steam dragon breathes steam at you. The ball of steam hits you!
The steam scalds you terribly!
Xom roars with laughter!
The steam dragon closely misses you. The steam dragon misses you.
There is an escape hatch in the ceiling here.
You hit the steam dragon but do no damage.
The steam dragon bites you. The steam dragon claws you.
The steam dragon bites you.
* * * LOW HITPOINT WARNING * * *
The steam dragon claws you but does no damage.
A mysterious force pulls you upwards. The hatch slams shut behind you.
A steam dragon is nearby!
The steam dragon bites you.
* * * LOW HITPOINT WARNING * * *
The steam dragon closely misses you. The steam dragon breathes steam at you.
The ball of steam hits you! The steam scalds you terribly!
Ouch! That really hurt!
You die...
Xom bursts into laughter!

##......###.#..##.##
###....#####......##
###.....###....##.##
######...#....###.##
######....#....##.##
######...##..#.##.##
#######...........##
#####..........##..###
#####.#####..#D§@.>..#
#.........><.#.###.#.#
............##.###.#.#
####...#######.###.#.#
#####.########.###.#.#
##....########.###.#.##
##.###########.###..#.##
##.##..........###.###.##
##.##......#####.....##.#


You could see a steam dragon.

Vanquished Creatures
  2 orc wizards (D:3)
  Ijyb (D:3)
  An orc priest (D:3)
  Terence (D:3)
  Robin (D:2)
  3 oozes (D:3)
  6 worms
  12 orcs (D:3)
  5 giant cockroaches
  6 hobgoblins
  A ball python (D:2)
  3 bats
  4 giant newts
  8 goblins
  8 kobolds
  4 rats
66 creatures vanquished.

Notes
Turn   | Place    | Note
--------------------------------------------------------------
     0 | D:1      | Kellhus the Mummy Chaos Knight began the quest for the Orb.
     0 | D:1      | Reached XP level 1. HP: 18/18 MP: 1/1
   739 | D:1      | XOM: noise
   742 | D:1      | XOM: confuse monster(s)
   872 | D:2      | Found a glowing golden altar of the Shining One.
   873 | D:2      | Found an opulent altar of Gozag.
   885 | D:2      | Found a white marble altar of Elyvilon.
   897 | D:2      | XOM: butterfly on damage
   922 | D:2      | Reached XP level 2. HP: 12/24 MP: 2/2
   986 | D:2      | XOM: colour smoke trail
  1069 | D:2      | XOM: potion effect (haste)
  1099 | D:2      | Found an iron altar of Okawaru.
  1156 | D:2      | XOM: colour smoke trail
  1191 | D:2      | XOM: potion effect (curing)
  1221 | D:2      | Found a shadowy altar of Dithmenos.
  1221 | D:2      | Found a shattered altar of Ashenzari.
  1259 | D:2      | Found a faded altar to an unknown god.
  1367 | D:2      | Reached XP level 3. HP: 27/29 MP: 3/3
  1471 | D:2      | Noticed Robin
  1485 | D:2      | Killed Robin
  1556 | D:2      | XOM: harmless Trmt miscast
  1871 | D:3      | Reached skill level 4 in Long Blades
  1900 | D:3      | Noticed Terence
  1926 | D:3      | Killed Terence
  1926 | D:3      | Reached XP level 4. HP: 35/35 MP: 4/4
  1933 | D:3      | XOM is BORED!
  1933 | D:3      | XOM: noise
  2018 | D:3      | Reached XP level 5. HP: 19/41 MP: 5/5
  2148 | D:3      | XOM: vitrification
  2215 | D:3      | XOM: divination: detect creatures
  2255 | D:3      | Noticed Ijyb
  2274 | D:3      | Killed Ijyb
  2274 | D:3      | Reached skill level 5 in Long Blades
  2427 | D:3      | XOM: divination: detect items
  2537 | D:3      | XOM: potion effect (haste)
  2540 | D:3      | XOM: confuse monster(s)
  2910 | D:4      | Noticed an ogre
  2924 | D:4      | Noticed a steam dragon
  2924 | D:4      | an ogre changed into a steam dragon
  2924 | D:4      | XOM: polymorph ogre -> steam dragon
  2937 | D:3      | Killed from afar by a steam dragon

Vault maps used:
D:1:      wheals_arrival_linesprint
D:2:      grunt_temple_overflow_open, gammafunk_temple_overflow_wave,
          okawaru_metal_pillars_3, ecumenical_altar_2, uniq_robin
D:3:      uniq_terence, uniq_iyjb
D:4:      uniq_edmund

Action                   |  1- 3 |  4- 6 || total
-------------------------+-------+-------++-------
Melee: Falchion          |   142 |   119 ||   261
 Stab: Sleeping          |     1 |       ||     1
       Petrified         |       |     3 ||     3
       Confused          |       |     1 ||     1
